 Dungeon Crawl Stone Soup version 0.24.0-7-gb3623d2c88 (webtiles) character file.

Game seed: 13006956890124636938, levelgen mode: deterministic

175 FrancescoMac the Slasher (level 5, -4/47 HPs)
             Began as a Minotaur Berserker on Nov 2, 2019.
             Was a Believer of Trog.
             Slain by a bullfrog (5 damage)
             ... in a sewer.
             The game lasted 00:08:47 (1579 turns).

FrancescoMac the Slasher (Minotaur Berserker)       Turns: 1579, Time: 00:08:48

Health: -4/47      AC:  5    Str: 21    XL:     5   Next: 29%
Magic:  4/4        EV: 12    Int:  4    God:    Trog [**....]
Gold:   148        SH:  4    Dex: 11    Spells: 4/4 levels left

rFire    . . .     SeeInvis .   a - +0 falchion
rCold    . . .     Gourm    .   (no shield)
rNeg     . . .     Faith    .   l - +0 ring mail
rPois    .         Spirit   .   (helmet restricted)
rElec    .         Reflect  +   (no cloak)
rCorr    .         Harm     .   (no gloves)
MR       +++..     Rnd*Tele +   (no boots)
Stlth    +.........             g - +4 amulet of reflection
HPRegen  1.15/turn              j - ring of protection from magic
MPRegen  0.09/turn              i - ring of teleportation (curse)

@: regenerating, very slow
A: retaliatory headbutt, claws 1, horns 2, talons 1, camouflage 1, blurry vision
1
a: Berserk, Trog's Hand, Renounce Religion


You were in a sewer.
You worshipped Trog.
Trog was pleased with you.
You were hungry.

You visited 1 branch of the dungeon, and saw 3 of its levels.
You also visited: Sewer.

You collected 148 gold pieces.

Inventory:

Hand Weapons
 a - a +0 falchion (weapon)
 e - a +2 flail of protection
Armour
 b - a +0 animal skin
 l - a +0 ring mail (worn)
Jewellery
 g - a +4 amulet of reflection (around neck)
 i - a cursed ring of teleportation (right claw)
 j - a ring of protection from magic (left claw)
 k - an uncursed ring of ice {unknown}
Scrolls
 d - a scroll of identify
 h - a scroll of enchant armour
Comestibles
 c - 9 rations
 f - 5 chunks of flesh


   Skills:
 + Level 4.7 Fighting
 + Level 4.8 Long Blades
 + Level 3.9 Armour
 + Level 3.6 Dodging


You had 4 spell levels left.
You didn't know any spells.
Your spell library was empty.

Dungeon Overview and Level Annotations

Branches:
Dungeon (3/15)              Sewer (1/1)

Altars:
Elyvilon


Innate Abilities, Weirdness & Mutations

You reflexively headbutt those who attack you in melee.
You have a pair of horns on your head.
You have sharp fingernails.
You have sharp toenails.
Your skin changes colour to match your surroundings (Stealth+).
Scrolls take you a little longer to read.


Message History

You furiously retaliate!
You headbutt the bullfrog, but do no damage.
The bullfrog misses you. You block the adder's attack.
The ball python bites you but does no damage.
* * * LOW HITPOINT WARNING * * *
The ball python constricts you. The ooze hits you but does no damage.
You barely miss the bullfrog. Your headbutt misses the bullfrog.
The bullfrog is moderately wounded.
The bullfrog hits you.
* * * LOW HITPOINT WARNING * * *
The bullfrog hits you.
* * * LOW HITPOINT WARNING * * *
The adder bites you but does no damage. The ball python closely misses you.
You furiously retaliate!
You headbutt the ball python, but do no damage.
You riposte.
You hit the ball python.
You kill the ball python!
Trog accepts your kill. The bullfrog misses you. The bullfrog hits you.
You die...

###########+#
≈≈≈≈≈≈≈≈#...##
≈≈≈≈≈≈≈≈≈....#
≈≈≈≈≈≈†SF....#
#≈≈≈≈@FS...#
..≈#≈≈≈≈JS...#
≈≈≈≈≈≈≈≈#...##
#############


You could see 2 bullfrogs, an ooze, an adder and 2 ball pythons.

Vanquished Creatures
  Robin (D:2)
  3 gnolls (D:3)
  6 adders
  A shadow imp (D:2)
  An ooze (D:2)
  2 worms (D:2)
  A dart slug (D:1)
  2 leopard geckos (D:3)
  4 orcs (D:3)
  4 bats
  2 giant cockroaches
  8 goblins (D:2)
  6 hobgoblins
  4 jackals (D:2)
  2 kobolds
  3 ball pythons
  A frilled lizard (D:2)
  11 rats
62 creatures vanquished.

Notes
Turn   | Place    | Note
-------+----------+-------------------------------------------
     0 | D:1      | FrancescoMac the Minotaur Berserker began the quest for the
                  | Orb.
     0 | D:1      | Reached XP level 1. HP: 19/19 MP: 0/0
   173 | D:1      | Reached XP level 2. HP: 27/27 MP: 1/1
   392 | D:2      | Found a white marble altar of Elyvilon.
   447 | D:2      | Reached XP level 3. HP: 23/33 MP: 2/2
   458 | D:2      | Noticed Robin
   482 | D:2      | Killed Robin
   621 | D:2      | Reached XP level 4. HP: 40/41 MP: 3/3
   622 | D:2      | Reached ** piety under Trog
  1028 | D:3      | Gained mutation: You have sharp toenails. [potion of
                  | mutation]
  1028 | D:3      | Gained mutation: Scrolls take you a little longer to read.
                  | [potion of mutation]
  1028 | D:3      | Gained mutation: Your skin changes colour to match your
                  | surroundings (Stealth+). [potion of mutation]
  1028 | D:3      | Gained mutation: You have sharp fingernails. [potion of
                  | mutation]
  1459 | D:3      | Found a glowing drain.
  1469 | D:3      | Reached XP level 5. HP: 43/47 MP: 4/4
  1515 | Sewer    | Entered a sewer
  1579 | Sewer    | HP: 1/47 [bullfrog (4)]
  1579 | Sewer    | Slain by a bullfrog

Levels and vault maps discovered:
D:1:      eino_arrival_cavern_d, layout_basic, dk_noncrumbling_3
D:2:      layout_loops_cross, elyvilon_altar_5, uniq_robin
D:3:      layout_loops_ring, portal_sewer_entry_a, roderic_lattice_a
Sewer:    sewer_minmay_w

Skill      XL: |  1  2  3 |
---------------+----------+-----
Fighting       | 4 |  4.7
Long Blades    | 4 |  4.8
Armour         | 3 |  3.9
Dodging        | 3 |  3.6

Action                   |  1- 3 |  4- 6 || total
-------------------------+-------+-------++-------
Melee: Falchion          |    52 |    69 ||   121
       Headbutt          |    16 |    15 ||    31
       Kick              |       |    14 ||    14
Invok: Trog's Hand       |       |     1 ||     1
  Use: Scroll            |     5 |     1 ||     6
       Potion            |     1 |     4 ||     5
  Eat: Chunk             |       |     2 ||     2
Armor: Animal skin       |    13 |       ||    13
       Ring mail         |       |    39 ||    39
Dodge: Dodged            |    49 |    49 ||    98
Block: Other             |       |    24 ||    24
       Rpst.: Falchion   |    14 |    16 ||    30
